 Dungeon Sprint DCSS version 0.18.1-50-g88ac8fd (webtiles) character file.

1375 Kagutsuchi the Fighter (level 8, -1/83 HPs)
             Began as a Red Draconian Berserker on Oct 26, 2016.
             Was an Elder of Trog.
             Slain by a polar bear (4 damage)
             ... in the Dungeon (Sprint II: "The Violet Keep of Menkaure").
             The game lasted 00:03:56 (956 turns).

Kagutsuchi the Fighter (Red Draconian Berserker)     Turns: 956, Time: 00:03:58

Health: -1/83      AC:  6    Str: 19    XL:     8   Next: 39%
Magic:  8/8        EV: 17    Int:  9    God:    Trog [****..]
Gold:   150        SH:  0    Dex: 12    Spells: 0 memorised, 7 levels left

rFire  + + .     SeeInvis .     i - +2 quarterstaff "Ciryor" {crush, rF+} (curse)
rCold  . . .     Gourm    .     (armour unavailable)
rNeg   . . .     Faith    .     (shield currently unavailable)
rPois  .         Spirit   .     (helmet restricted)
rElec  .         Dismiss  .     (no cloak)
rCorr  .         Reflect  .     (no gloves)
SustAt .         Harm     .     (no boots)
MR     .....     NoTele   +     (no amulet)
Stlth  +.........               (no ring)
                                (no ring)

@: lethally poisoned (-1 -> -2), exhausted, slowed, very slow, not resistant to
hostile enchantments, very unstealthy
A: breathe fire, unfitting armour, fire resistance 1, cold-blooded, AC +6
a: Breathe Fire, Berserk, Trog's Hand, Brothers in Arms, Burn Spellbooks,
Renounce Religion


You were in the Dungeon.
You worshipped Trog.
Trog was greatly pleased with you.
You were very hungry.

You visited 1 branch You collected 729 gold pieces.
You spent 579 gold pieces at shops.

Inventory:

Hand Weapons
 a - a +0 falchion
 i - the cursed +2 quarterstaff "Ciryor" (weapon) {crush, rF+}
   (You bought it in a shop in the Dungeon)

   It inflicts extra damage upon your enemies.
   It protects you from fire.
   It has a curse placed upon it.
Scrolls
 h - a scroll of blinking
Potions
 b - a potion of curing
 c - a potion of mutation
 e - a potion of haste
 f - 2 potions of magic
 g - a potion of berserk rage


   Skills:
 + Level 11.9 Fighting
 + Level 10.9 Long Blades
 + Level 10.6 Dodging
 + Level 1.0 Stealth


You had 7 spell levels left.
You didn't know any spells.

Dungeon Overview and Level Annotations

Branches:
Dungeon (1/1)

Altars:
Dithmenos
Elyvilon
Gozag
Kikubaaqudgha
Makhleb
Nemelex Xobeh
Pakellas
Sif Muna
Trog
Vehumet
Xom
Yredelemnul
Zin
The Shining One
Beogh
Jiyva
Lugonu

Shops:
D }!:(:[*%[=?(?!=}

Annotations:
D exclusion: oklob plant


Innate Abilities, Weirdness & Mutations

You can breathe blasts of fire.
Your fiery red scales are hard (AC +6).
Your body does not fit into most forms of armour.
Your flesh is heat resistant.
You are cold-blooded and may be slowed by cold attacks.


Message History

The polar bear claws you.
The polar bear claws you but does no damage.
The wasp barely misses you. The polar bear bites you.
The polar bear claws you but does no damage.
The polar bear barely misses you. The polar bear bites you!
* * * LOW HITPOINT WARNING * * *
The polar bear closely misses you. The polar bear claws you.
* * * LOW HITPOINT WARNING * * *
The wasp misses you. The polar bear bites you.
* * * LOW HITPOINT WARNING * * *
The polar bear misses you.
The polar bear claws you but does no damage.
You closely miss the polar bear.
The polar bear is severely wounded.
The polar bear bites you.
* * * LOW HITPOINT WARNING * * *
The polar bear misses you. The polar bear claws you.
* * * LOW HITPOINT WARNING * * *
The wasp misses you. The polar bear misses you. The polar bear claws you.
You die... .## ## ##. .## ## #.§ .. .# # B#B

###. .# ###+###.##..# .#
# .##.##..##..# .# .#
#'.<.'##.+..### .##.#
.##.##..##....###y..##▓▓
###†###.##..§...@h≈≈≈≈≈≈
##†#.####≈≈§....h#'#####
#.###.#≈≈≈≈§≈≈..≈#_._._.
## ##≈≈≈≈§§≈≈.≈#._._._
≈##+##≈≈≈≈§§≈§§§§#_._._.
≈≈≈≈≈≈§≈≈§§§§§§§§#._._._
+++#+++#≈≈§≈≈≈§≈§#.._._.
§§≈≈§ ##≈§§###§≈#..._._
≈≈≈§≈§≈≈##≈≈# #§≈#...._


You could see 2 polar bears and a wasp.

Vanquished Creatures
  A yaktaur (D)
  A polar bear (D)
  2 hippogriffs (D)
  A vampire mosquito (D)
  4 necrophages (D)
  A crocodile (D)
  4 worker ants (D)
14 creatures vanquished.

Vanquished Creatures (others)
  Menkaure (D)
  A crocodile (D)
2 creatures vanquished.

Grand Total: 16 creatures vanquished

Notes
Turn   | Place    | Note
--------------------------------------------------------------
     0 | D        | Kagutsuchi the Draconian Berserker began the quest for the Orb.
     0 | D        | Reached XP level 1. HP: 19/19 MP: 1/1
     1 | D        | Noticed a worker ant
     1 | D        | Noticed a worker ant
     1 | D        | Noticed a worker ant
     1 | D        | Noticed a worker ant
     4 | D        | Killed a worker ant
     4 | D        | Reached skill level 4 in Fighting
     4 | D        | Reached XP level 2. HP: 28/28 MP: 2/2
     8 | D        | Reached ** piety under Trog
     8 | D        | Reached skill level 5 in Fighting
     8 | D        | Reached skill level 5 in Long Blades
     8 | D        | Reached XP level 3. HP: 36/36 MP: 3/3
    11 | D        | Reached XP level 4. HP: 44/44 MP: 4/4
    16 | D        | Reached skill level 6 in Fighting
    16 | D        | Reached skill level 5 in Dodging
    25 | D        | Killed a crocodile
    55 | D        | Noticed a necrophage
    55 | D        | Noticed a necrophage
    55 | D        | Noticed a necrophage
    55 | D        | Noticed a necrophage
    63 | D        | Killed a necrophage
    63 | D        | Reached skill level 7 in Fighting
    63 | D        | Reached XP level 5. HP: 50/50 MP: 5/5
    65 | D        | Killed a necrophage
    65 | D        | Reached skill level 8 in Fighting
    65 | D        | Reached XP level 6. HP: 59/59 MP: 6/6
    76 | D        | Reached skill level 9 in Fighting
   529 | D        | Killed Menkaure
   538 | D        | Found Nyhiu's Jewellery Emporium.
   538 | D        | Found Duoroz's Antique Weapon Emporium.
   538 | D        | Found Aqoent's Distillery.
   538 | D        | Found Bojirel's Antique Armour Shoppe.
   538 | D        | Found Locvad's Magic Scroll Shoppe.
   539 | D        | Found Essuos's Food Shoppe.
   539 | D        | Found Seoneorod's Gadget Emporium.
   539 | D        | Found Conkisut's Magic Scroll Shoppe.
   539 | D        | Found Haummat's Jewellery Shoppe.
   540 | D        | Found Qinla's Assorted Antiques.
   540 | D        | Found Morim's Antique Armour Emporium.
   542 | D        | Found Hice's Book Emporium.
   542 | D        | Found Ure Peth's Weapon Shoppe.
   542 | D        | Noticed an iron elemental
   542 | D        | Noticed an oklob plant
   543 | D        | Found Neihaypt's Distillery.
   543 | D        | Found Viq Umog's Book Shoppe.
   543 | D        | Found Dauciustri's Gadget Emporium.
   546 | D        | Noticed a fire dragon
   551 | D        | Bought a potion of heal wounds for 65 gold pieces
   551 | D        | Bought a potion of curing for 39 gold pieces
   551 | D        | Bought a potion of mutation for 32 gold pieces
   557 | D        | Bought a potion of heal wounds for 65 gold pieces
   564 | D        | Noticed a redback
   583 | D        | Reached skill level 10 in Fighting
   583 | D        | Your scales start taking on a fiery red colour.
   583 | D        | Reached XP level 7. HP: 36/64 MP: 7/7
   583 | D        | Gained mutation: Your flesh is heat resistant. [Red Draconian growth]
   829 | D        | Noticed a boulder beetle
   829 | D        | Noticed a boulder beetle
   833 | D        | Noticed a hippogriff
   833 | D        | Noticed a hippogriff
   839 | D        | Killed a hippogriff
   839 | D        | Reached *** piety under Trog
   843 | D        | Killed a hippogriff
   843 | D        | Reached skill level 10 in Long Blades
   873 | D        | Bought the cursed +2 quarterstaff "Ciryor" {crush, rF+} for 378 gold pieces
   899 | D        | Noticed a vampire mosquito
   904 | D        | Killed a vampire mosquito
   904 | D        | Reached skill level 11 in Fighting
   916 | D        | Noticed an obsidian statue
   929 | D        | Found an opulent altar of Gozag.
   929 | D        | Found a shimmering altar of Xom.
   930 | D        | Found a corrupted altar of Lugonu.
   930 | D        | Found a radiant altar of Vehumet.
   931 | D        | Found a shadowy altar of Dithmenos.
   931 | D        | Found a bloodstained altar of Trog.
   931 | D        | Found a glowing golden altar of the Shining One.
   932 | D        | Found a burning altar of Makhleb.
   932 | D        | Found a sparkling altar of Nemelex Xobeh.
   932 | D        | Found an ancient bone altar of Kikubaaqudgha.
   933 | D        | Found a deep blue altar of Sif Muna.
   933 | D        | Found a basalt altar of Yredelemnul.
   933 | D        | Found a white marble altar of Elyvilon.
   933 | D        | Found an oddly glowing altar of Pakellas.
   933 | D        | Noticed a polar bear
   934 | D        | Noticed a polar bear
   935 | D        | Noticed a polar bear
   937 | D        | Noticed a yaktaur
   941 | D        | Killed a polar bear
   941 | D        | Reached skill level 10 in Dodging
   941 | D        | Reached XP level 8. HP: 74/74 MP: 8/8
   942 | D        | Found a glowing silver altar of Zin.
   942 | D        | Found a roughly hewn altar of Beogh.
   942 | D        | Found a viscous altar of Jiyva.
   946 | D        | Killed a yaktaur
   946 | D        | Reached **** piety under Trog
   946 | D        | Reached skill level 1 in Stealth
   952 | D        | HP: 2/75 [polar bear (6)]
   956 | D        | Slain by a polar bear

Skill      XL: |  1  2  3  4  5  6  7  8 |
---------------+-------------------------+-----
Fighting       | 4 5 7 8 10 11 | 11.9
Long Blades    | 4 5 7 9 10 | 10.9
Dodging        | 3 4 6 7 8 10 | 10.6
Stealth        | 1 |  1.0

Action                   |  1- 3 |  4- 6 |  7- 9 || total
-------------------------+-------+-------+-------++-------
Melee: Falchion          |     9 |    44 |     8 ||    61
       Tailslap          |     5 |     9 |     5 ||    19
       Quarterstaff      |       |       |    17 ||    17
Invok: Berserk           |     1 |     1 |     3 ||     5
 Abil: Breathe Fire      |       |       |     1 ||     1
  Use: Potion            |       |     1 |     3 ||     4
  Eat: Bread ration      |       |     1 |       ||     1
Armor: Skin              |     1 |     8 |    20 ||    29
Dodge: Dodged            |     2 |    16 |    88 ||   106
